 Dungeon Crawl Stone Soup version 0.28.0-53-g5a82cb258f (webtiles) character file.

Game seed: 2532173335125030607

190 yokelz the Ruffian (level 5, -1/53 HPs)
             Began as a Troll Warper on Aug 6, 2022.
             Slain by a bullfrog skeleton (2 damage)
             ... on level 5 of the Dungeon.
             The game lasted 00:03:45 (1748 turns).

yokelz the Ruffian (Troll Warper)                   Turns: 1748, Time: 00:03:45

Health: -1/53      AC:  4    Str: 19    XL:     5   Next: 41%
Magic:  5/5        EV: 11    Int:  9    God:
Gold:   103        SH:  0    Dex: 17    Spells: 6/6 levels left

rFire   . . .      SeeInvis .     - Unarmed
rCold   . . .      Faith    .   (no shield)
rNeg    . . .      Spirit   .   a - +0 robe
rPois   .          Reflect  .   (helmet restricted)
rElec   .          Harm     .   (no cloak)
rCorr   .          Rampage  .   (gloves unavailable)
Will    .....                   (boots unavailable)
Stlth   ++........              (no amulet)
HPRegen 0.97/turn               j - +6 ring of dexterity
MPRegen 0.09/turn               (no ring)

@: no status effects
A: large, unfitting armour, claws 3, regeneration 1, shaggy fur 1, tough skin 1
a: no special abilities


You were on level 5 of the Dungeon.
You visited 1 branch of the dungeon, and saw 5 of its levels.

You collected 103 gold pieces.

Inventory:

Missiles
 c - 5 boomerangs of dispersal (quivered)
Armour
 a - a +0 robe (worn)
 i - an orb of light
Jewellery
 j - a +6 ring of dexterity (left claw)
Wands
 m - a wand of acid (13)
Scrolls
 b - a scroll of blinking
 f - 2 scrolls of enchant weapon {unknown}
 g - a scroll of brand weapon {unknown}
 k - a scroll of identify {unknown}
 l - a scroll of teleportation {unknown}
Potions
 d - a potion of might {unknown}
 e - 2 potions of ambrosia {unknown}
 h - a potion of degeneration {unknown}
 n - a potion of attraction {unknown}
 o - a potion of haste {unknown}


   Skills:
 + Level 3.0 Fighting
 - Level 0.8 Throwing
 + Level 3.1 Dodging
 + Level 3.6 Unarmed Combat
 - Level 1.2 Spellcasting
 - Level 2.1 Translocations


You had 6 spell levels left.
You didn't know any spells.
Your spell library contained the following spells:

 Spells                   Type           Power      Damage    Failure   Level
 Blink                    Tloc           8%         N/A       22%         2
 Foxfire                  Conj/Fire      0%         2x1d4     36%         1
 Magic Dart               Conj           0%         1d3       36%         1
 Gell's Gravitas          Tloc           4%         N/A       41%         3
 Lesser Beckoning         Tloc           4%         N/A       41%         3
 Teleport Other           Tloc           4%         N/A       41%         3
 Searing Ray              Conj           0%         2d4       50%         2
 Conjure Flame            Conj/Fire      0%         6-21      73%         3
 Inner Flame              Hex/Fire       0%         N/A       73%         3
 Flame Wave               Conj/Fire      0%         2d4       98%         4
 Fulminant Prism          Conj/Hex       0%         3d6       98%         4
 Manifold Assault         Tloc           4%         N/A       99%         5
 Storm Form               Tmut/Air       0%         N/A       100%        7


Dungeon Overview and Level Annotations

Branches:
Dungeon (5/15)
 Temple: D:4-7

Altars:


Innate Abilities, Weirdness & Mutations

You are too large for most types of armour.
You have claws for hands.
Your natural rate of healing is unusually fast.
You are covered in fur. (AC +1)
You have tough skin. (AC +1)


Message History

* * * LOW HITPOINT WARNING * * *
The bullfrog skeleton barely misses you.
You barely miss the orc.
The orc is heavily wounded.
The orc hits you with a +0 war axe.
* * * LOW HITPOINT WARNING * * *
The bullfrog skeleton hits you.
* * * LOW HITPOINT WARNING * * *
You claw the orc!
You kill the orc!
The bullfrog skeleton hits you.
* * * LOW HITPOINT WARNING * * *
A bullfrog skeleton is nearby!
A bullfrog skeleton is nearby!
The bullfrog skeleton closely misses you.
Things that are here:
a +0 war axe; an orc corpse A bullfrog skeleton is nearby!
You barely miss the bullfrog skeleton. The bullfrog skeleton hits you.
* * * LOW HITPOINT WARNING * * *
You scratch the bullfrog skeleton.
The bullfrog skeleton is lightly damaged.
The bullfrog skeleton barely misses you.
The bullfrog skeleton hits you but does no damage.
You claw the bullfrog skeleton!
The bullfrog skeleton is heavily damaged.
The bullfrog skeleton barely misses you.
You barely miss the bullfrog skeleton.
The bullfrog skeleton is heavily damaged.
The bullfrog skeleton hits you.
* * * LOW HITPOINT WARNING * * *
You claw the bullfrog skeleton!
The bullfrog skeleton is almost destroyed.
The bullfrog skeleton hits you.
* * * LOW HITPOINT WARNING * * *
You scratch the bullfrog skeleton.
The bullfrog skeleton is almost destroyed.
The bullfrog skeleton barely misses you.
The bullfrog skeleton hits you.
You die...

≈.# #.≈≈ ≈≈#+#≈≈≈≈
≈≈8.8≈≈≈ ≈...≈≈
#8.8# # #...# ...
######8.8#.....
#..<@Z).$......
......####.))......
##### #.........
#.........
#.........
#.........
###.#..... ......
.#.#### .....


You could see a bullfrog skeleton.

Vanquished Creatures
  A bullfrog skeleton (D:4)
  2 hound skeletons (D:4)
  3 gnolls
  An ufetubus (D:4)
  3 worms
  A dart slug (D:4)
  9 orcs
  4 bats
  7 endoplasms
  4 goblins
  4 hobgoblins
  6 jackals
  7 quokkas
  5 ball pythons
  3 frilled lizards
  7 kobolds
  8 rats
75 creatures vanquished.

Notes
Turn   | Place    | Note
-------+----------+-------------------------------------------
     0 | D:1      | yokelz the Troll Warper began the quest for the Orb.
     0 | D:1      | Reached XP level 1. HP: 19/19 MP: 1/1
   198 | D:1      | Reached XP level 2. HP: 27/28 MP: 2/2
   345 | D:1      | Reached XP level 3. HP: 28/35 MP: 3/3
   886 | D:2      | Reached XP level 4. HP: 41/44 MP: 4/4
  1344 | D:4      | Reached XP level 5. HP: 52/52 MP: 5/5
  1373 | D:4      | Identified the +11 flail "Isirchio" {vorpal, Str+5}
  1612 | D:5      | Entered Level 5 of the Dungeon
  1739 | D:5      | HP: 2/53 [bullfrog skeleton (5)]
  1747 | D:5      | HP: 1/53 [bullfrog skeleton (4)]
  1748 | D:5      | Slain by a bullfrog skeleton

Illustrated notes

Levels and vault maps discovered:
D:1:      psy_arrival_dodecagon, layout_loops_cross
D:2:      layout_basic
D:3:      layout_basic, old_standard_altar, gammafunk_temple_overflow_claw,
          chequers_serial_rivers_marsh
D:4:      layout_rooms
D:5:      layout_rooms, kennysheep_orc_sif_temple, uniq_pikel

Skill      XL: |  1  2  3  4  5 |
---------------+----------------+-----
Dodging        | 2 3 |  3.1
Fighting       | 2 3 |  3.0
Unarmed Combat | 3 |  3.6
Throwing       | |  0.8
Spellcasting   | |  1.2
Translocations | |  2.1

Action                   |  1- 3 |  4- 6 || total
-------------------------+-------+-------++-------
Melee: Unarmed           |   107 |   121 ||   228
       Punch             |     1 |     4 ||     5
 Stab: Sleeping          |     1 |       ||     1
Armor: Robe              |    25 |    27 ||    52
Dodge: Dodged            |    49 |    76 ||   125
